[Event "Early-Titled-Tuesday-Blitz-April-23-2024"]
[Site "Chess.com"]
[Date "2024.04.23"]
[Round "2"]
[White "AcostaPablo"]
[Black "eagleclaw07"]
[Result "0-1"]
[WhiteElo "2605"]
[BlackElo "2883"]
[TimeControl "180+1"]
[EndTime "8:19:59 PDT"]
[Termination "eagleclaw07 won by resignation"]

1. e4 c5 2. Nf3 d6 3. Bb5+ Nd7 4.
O-O a6 5. Bxd7+ Bxd7 6. c4 g6 7. Nc3 Bg7 8. d4 cxd4 9. Nxd4 Nf6 10. f3 O-O 11. Be3 e6 12. Qd2 Qc7 13. b3 Rfe8 14.
Rac1 Rad8 15. Rfd1 Qb8 16. Nde2 Bc6 17. Bf4 Qa7+ 18.
Qe3 Qxe3+ 19. Bxe3 d5 20. e5 Nd7 21. f4 dxc4 22. bxc4 f6 23. exf6 Nxf6 24. Nd4 Ng4 25. Nxc6 bxc6 26. Bb6 Rxd1+ 27. Nxd1 e5 28. h3 Nf6 29. fxe5 Nd7 30. Bd4 Nxe5 31. Bxe5 Rxe5 32. Kf2 Ra5 33. Rc2 Bd4+ 34. Ke2 Ra3 35. Nf2 Kf7 36. Nd3 Ke6 37. Nb4 c5 38. Nd5 Ke5 39. Kd1 Ke4 40. Re2+ Kd3 41. Nb6 Be3 42. Nd5 Bg5 43.
Rc2 Ra4 44. Rc3+ Kd4 45. Rg3 Bh6 46. Rg4+ Kd3 47. Rg3+ Kd4 48. Rg4+ Ke5 49. Rh4 Bg5 50. Rxh7 Rxc4 51. Nb6 Rc1+ 52. Ke2 Rc2+ 53. Kf3 Rxa2 54. Rc7 Kd6 55. Rg7 Bd8 56. Rxg6+ Ke5 57. Nc4+ Kd4 58. Rg4+ Kc3 59. Ne3 Kd3 60. Rg7 Bf6 61. Rd7+ Bd4 62.
Nf5 Rf2+ 63. Kg4 Rxg2+ 64. Kf4 Rf2+ 65. Kg4 a5 66. h4 a4 67. h5 a3 68. h6 a2 69. Nxd4 cxd4 70. Ra7 Rh2 71. Kg5 Kc3 72. Kg6 Kb2 73. Rb7+ Kc2 74. Rc7+ Kb1 75. Rb7+ Kc1 76. Ra7 Kb1 77. h7 a1=Q 78. Rb7+ Ka2 79. Ra7+ Kb1 80.
Rb7+ Qb2 81. Rxb2+ Kxb2 82. Kg7 Rxh7+ 0-1

[Event "Early-Titled-Tuesday-Blitz-April-23-2024"]
[Site "Chess.com"]
[Date "2024.04.23"]
[Round "2"]
[White "Boxerandchessplayer"]
[Black "Zarinur"]
[Result "0-1"]
[WhiteElo "2222"]
[BlackElo "2504"]
[TimeControl "180+1"]
[EndTime "8:20:00 PDT"]
[Termination "Zarinur won on time"]

1. Nf3 d5 2. e3 Nf6 3. c4 e6 4. Nc3 a6 5. b3 Be7 6. Bb2 O-O 7. Be2 b6 8. O-O Bb7 9. Qc2 Nbd7 10. Rac1 c5 11.
cxd5 exd5 12. d4 Rc8 13. dxc5 bxc5 14. Rfd1 Bd6 15. Qb1 Bb8 16. Qf5 Qc7 17. g3 Rfe8 18. Na4 Qd6 19. Ba3 Ba7 20. Bb2 Qe7 21. Bd3 g6 22. Qf4 Bb8 23. Qh4 d4 24. e4 Nxe4 25.
Qxe7 Rxe7 26. Re1 Rce8 27. Bxe4 Bxe4 28. Nd2 Ba7 29. Nxe4 Rxe4 30. Rxe4 Rxe4 31. Kf1 f5 32. Rc2 Kf7 33. Ba3 Re5 34. f4 Rd5 35. Ke1 Ke6 36.
Kd2 Kd6 37. Kd3 Nf6 38. Nb2 Ne4 39. Nc4+ Ke6 40. Re2 Rd8 41. Nd2 Kd5 42. Nxe4 fxe4+ 43. Rxe4 Rc8 44. Re5+ Kd6 45. Kc4 Bb6 46. Rd5+ Kc6 47.
Bxc5 d3 48. Rxd3 Bxc5 49. Rc3 Kb6 50. Kd3 Rd8+ 51. Ke4 Bg1 52. Rc2 Kb5 53. Ke5 Rd7 54. Ke6 Rb7 55. Rg2 Bd4 56. Rd2 Bc3 57. Rc2 Kb4 58. g4 a5 59. f5 gxf5 60. gxf5 Ba1 61. Rf2 Rb6+ 62. Kf7 Rf6+ 63. Ke7 Ka3 64. h4 h5 65. Kd7 Bb2 66. Ke7 Bc3 67. Rf3 Bb2 68. Rf2 Bc3 69. Rf3 Be5 70. Rf2 Bd4 71. Rf4 Rb6 72. Rxd4 Rb7+ 73. Ke6 Kxa2 74. Rd5 Ra7 75.
Rb5 Ka3 76. f6 a4 77. bxa4 Kxa4 78. Rxh5 Ra6+ 79. Ke7 Ra7+ 0-1

[Event "Early-Titled-Tuesday-Blitz-April-23-2024"]
[Site "Chess.com"]
[Date "2024.04.23"]
[Round "2"]
[White "goodluck06"]
[Black "mishanick"]
[Result "0-1"]
[WhiteElo "2672"]
[BlackElo "3163"]
[TimeControl "180+1"]
[EndTime "8:20:03 PDT"]
[Termination "mishanick won by resignation"]

1. c4 e6 2. Nf3 d5 3. e3 Nf6 4. Nc3 Be7 5. b3 O-O 6. Bb2 c5 7. cxd5 exd5 8. d4 Nc6 9. Be2 Ne4 10. O-O Bf6 11. Rc1 Bg4 12. h3 Bxf3 13. Bxf3 Nxc3 14. Bxc3 cxd4 15. Bxd4 Bxd4 16. exd4 Qg5 17. Rc5 Rad8 18. Re1 Rd6 19. Qd3 Rfd8 20. a3 g6 21. b4 Qf6 22.
Rd1 b6 23. Rcc1 h5 24. b5 Ne7 25. Rc7 R6d7 26. Rxd7 Rxd7 27. a4 Nf5 28. Qc3 Kg7 29.
Qc8 Qe7 30. Qc6 Rd6 31. Qc3 Qd8 32. Re1 Qf6 33. Re5 Qd8 34. Bxh5 f6 35. Rxf5 gxf5 36.
Qg3+ Kf8 37. Qg6 Qd7 38. Bf3 Re6 39. g3 Ke7 40. Kg2 Rd6 41. h4 Qe6 42. h5 f4 43.
g4 Rd8 44. Qh6 Rg8 45. Qxf4 Rg5 46. Qc7+ Qd7 47. Qf4 Kf7 48. Kg3 Kg7 49. Be2 Qe7 50.
Bd3 Kh8 51. Bf5 Rg7 52. Bg6 Qc7 53. Qxc7 Rxc7 54. Kf4 Kg7 55. Kf5 Rc2 56. f4 Rf2 57.
Be8 Rd2 58. g5 fxg5 59. fxg5 Rxd4 60. h6+ Kh7 61. Bg6+ Kh8 62. Bf7 Kh7 63. Bg6+ Kg8 64. Be8 Rh4 65. g6 Rxh6 66. Bf7+ Kg7 67. Ke5 Rh4 68.
Kxd5 Rxa4 69. Kc6 Ra5 70. Be8 Kf8 71. Bf7 Ke7 72. Bc4 Kf6 73. Bf7 Ra3 74. Kb7 Ra1 75.
Be8 Re1 76. Bf7 Re7+ 77. Ka6 Kg7 78. Bd5 Kxg6 79. Bb7 Kf6 80. Kxa7 Re6 81. Bc6 Ke7 82. Kxb6 Kd6 83. Ka5 Kc5 84. Ka6 Re1 85. Kb7 Rb1 86. Kc7 Rb4 87. b6 Rxb6 88. Bd7 Rh6 89. Bc8 Rh7+ 90.
Bd7 Rg7 91. Kd8 Kd6 92. Be8 Rg8 0-1

[Event "Early-Titled-Tuesday-Blitz-April-23-2024"]
[Site "Chess.com"]
[Date "2024.04.23"]
[Round "2"]
[White "Witik"]
[Black "Eliwood44"]
[Result "1/2-1/2"]
[WhiteElo "2757"]
[BlackElo "2471"]
[TimeControl "180+1"]
[EndTime "8:20:03 PDT"]
[Termination "Game drawn - insufficient material"]

1. d4 Nf6 2. c4 e6 3. Nf3 d5 4.
g3 Bb4+ 5. Bd2 Be7 6. Bg2 O-O 7. O-O c6 8. Na3 b6 9. Qc2 Bb7 10. Rfc1 a5 11. cxd5 exd5 12. Ne5 Nfd7 13. Nd3 Na6 14.
Nf4 Nb4 15. Qd1 Nf6 16. Nb1 Re8 17. Nc3 Bd6 18. a3 Na6 19. Qc2 Nc7 20. e4 dxe4 21.
Nxe4 Ncd5 22. Nxf6+ Qxf6 23. Nxd5 cxd5 24. Be3 Rad8 25. Qb3 Bb8 26. Rc3 h5 27. h4 Qe6 28.
Rac1 Kh8 29. Qd1 g6 30. Qd2 Kh7 31. Bf1 Rc8 32. Bf4 Rxc3 33. Rxc3 Qf5 34. Bxb8 Rxb8 35. Rc7 Kg7 36. Bd3 Qf6 37. Qg5 Qxg5 38. hxg5 Bc8 39. f4 Be6 40. Kf2 b5 41. Rc5 b4 42. a4 Ra8 43. b3 Kf8 44. Bb5 Ke7 45. Rc6 Rh8 46. Ra6 h4 47. Ra7+ Kf8 48. Ra8+ Kg7 49. Rxh8 Kxh8 50.
gxh4 Bf5 51. Bc6 Be4 52. Kg3 Kg7 53. Kg4 Kf8 54. h5 gxh5+ 55. Kxh5 Ke7 56. Kg4 Kd6 57. Be8 Ke7 58. Bc6 Kd6 59. Bb5 Bc2 60. f5 Ke7 61. f6+ Kd6 62. Kf4 Bxb3 63. Be8 Bc2 64.
Bxf7 b3 65. g6 b2 66. g7 b1=Q 67. g8=Q Qf1+ 68. Kg5 Qg2+ 69. Kh6 Qxg8 70. Bxg8 Bxa4 71. Bxd5 Be8 72. Ba2 a4 73. Kg7 Kc6 74. f7 Bxf7 75.
Kxf7 Kb5 76. Ke6 Kb4 77. d5 Ka3 78. Bc4 Kb4 79. Bd3 a3 80. Bb1 Kb3 81. d6 Kb2 82. d7 Kxb1 83. d8=Q a2 84. Qd1+ Kb2 85. Qd2+ Kb1 86.
Qb4+ Ka1 87. Qc3+ Kb1 88. Qb3+ Ka1 89. Qc3+ Kb1 90. Qe1+ Kb2 91. Qd2+ Kb1 92. Qb4+ Ka1 93. Qa3 Kb1 94. Qb3+ Ka1 95. Qxa2+ Kxa2 1/2-1/2

[Event "Early-Titled-Tuesday-Blitz-April-23-2024"]
[Site "Chess.com"]
[Date "2024.04.23"]
[Round "2"]
[White "bangchess21"]
[Black "DanyKopy"]
[Result "1/2-1/2"]
[WhiteElo "2788"]
[BlackElo "2532"]
[TimeControl "180+1"]
[EndTime "8:21:26 PDT"]
[Termination "Game drawn - insufficient material"]

1. b3 Nf6 2. Bb2 g6 3. g3 Bg7 4. Bg2 c5 5. d3 d6 6. Nd2 O-O 7. e3 Nc6 8. Ne2 e5 9. a3 Be6 10. h3 Qd7 11. f4 Qe7 12. e4 Nd4 13. O-O Nh5 14. Kh2 Nxe2 15. Qxe2 Nxg3 16. Kxg3 exf4+ 17. Kh2 Bxb2 18. Rab1 Be5 19. Kh1 Qh4 20. Nf3 Qg3 21.
Ng1 f3 22. Nxf3 Bxh3 23. Nxe5 Bxg2+ 24. Qxg2 Qxe5 25. Rf5 Qe7 26. Rbf1 Rad8 27. Qg3 b6 28. R1f2 Kh8 29. R5f4 Qe5 30. Rh2 Kg7 31. Qh4 h5 32.
Rg2 Rde8 33. Rf5 Qe7 34. Qh3 Rh8 35. Kg1 h4 36. Rf4 Qe6 37. Qf3 Re7 38. Rgg4 h3 39. Kh2 Qe5 40. Qg3 Rh5 41. Kh1 Re6 42. Rh4 Rxh4 43. Qxh4 g5 44. Rg4 Rg6 45. Qf2 Qa1+ 46.
Kh2 Qxa3 47. d4 Qc1 48. dxc5 bxc5 49. Rg3 Qf4 50. Qe2 Rf6 51. Kxh3 Qf1+ 52. Qxf1 Rxf1 53. Rxg5+ Kf6 54. Rd5 Ke6 55. Kg2 Re1 56. Kf3 Rc1 57. Rd2 Ra1 58. Ke3 a5 59. Kd3 a4 60. bxa4 Rxa4 61. Rh2 Ra3+ 62. c3 Ra1 63. Rh6+ f6 64. Rh8 Rg1 65. Re8+ Kd7 66. Rf8 Ke6 67. Re8+ Kd7 68.
Rf8 Ke7 69. Rh8 Rg4 70. Rb8 Ke6 71. Re8+ Kd7 72. Rf8 Ke7 73. Rb8 Rg3+ 74. Kc4 Re3 75. Kd5 Rd3+ 76. Kc4 Rd1 77. Rh8 Kd7 78. Rf8 Ke7 79.
Rh8 Ke6 80. Re8+ Kf7 81. Rh8 Kg6 82. Rg8+ Kf7 83. Rh8 Rd2 84. Rb8 Ke7 85. Ra8 Kd7 86. Rf8 Rf2 87. Kd5 Ke7 88. Rb8 Rd2+ 89. Kc4 Kd7 90. Rf8 Re2 91. Kd3 Rf2 92. Ke3 Rf1 93.
Ke2 Rf4 94. Ke3 Rf1 95. Rh8 Kc6 96. Kd3 Rf4 97. Rc8+ Kd7 98. Ra8 f5 99. exf5 Rxf5 100. Kc4 Ke6 101. Re8+ Kd7 102. Rh8 Rf2 103. Kd5 Rd2+ 104. Kc4 Kc6 105. Rc8+ Kb7 106. Rh8 Kb6 107. Rb8+ Kc7 108. Ra8 Rd1 109. Rh8 Kc6 110. Rc8+ Kd7 111. Rh8 Rg1 112. Ra8 Rg4+ 113. Kb5 Ke6 114. Kc6 Rg1 115. Re8+ Kf7 116. Re3 Rd1 117. c4 Kf6 118. Re8 Rd4 119. Re3 Rxc4 120. Kxd6 Rc1 121. Kd5 c4 122. Kd4 Kf5 123. Rc3 Rxc3 124. Kxc3 Ke4 125. Kxc4 1/2-1/2

[Event "Early-Titled-Tuesday-Blitz-April-23-2024"]
[Site "Chess.com"]
[Date "2024.04.23"]
[Round "3"]
[White "JJDAREK"]
[Black "slorovel"]
[Result "1-0"]
[WhiteElo "2331"]
[BlackElo "2549"]
[TimeControl "180+1"]
[EndTime "8:23:27 PDT"]
[Termination "JJDAREK won by resignation"]

1. d4 g6 2. e4 Bg7 3. Nf3 c6 4.
h3 d5 5. e5 h5 6. Bd3 Nh6 7. O-O Bf5 8. Bxh6 Bxh6 9. Bxf5 gxf5 10. e6 fxe6 11. Re1 Qd6 12. Qe2 Kd7 13. Ne5+ 1-0

[Event "Early-Titled-Tuesday-Blitz-April-23-2024"]
[Site "Chess.com"]
[Date "2024.04.23"]
[Round "3"]
[White "lcmil"]
[Black "ELPRIMO0O0"]
[Result "0-1"]
[WhiteElo "2466"]
[BlackElo "2644"]
[TimeControl "180+1"]
[EndTime "8:23:28 PDT"]
[Termination "ELPRIMO0O0 won by resignation"]

1. e4 c5 2. Nf3 Nc6 3. d4 cxd4 4. Nxd4 Nf6 5. Nc3 e6 6. Nxc6 bxc6 7. e5 Nd5 8. Ne4 Qa5+ 9. Bd2 Nb4 10. f4 Qd5 11.
Nc3 Qd4 12. a3 Bc5 0-1

[Event "Early-Titled-Tuesday-Blitz-April-23-2024"]
[Site "Chess.com"]
[Date "2024.04.23"]
[Round "3"]
[White "A4RookA3"]
[Black "PattyCastillo"]
[Result "1-0"]
[WhiteElo "2383"]
[BlackElo "2120"]
[TimeControl "180+1"]
[EndTime "8:23:46 PDT"]
[Termination "A4RookA3 won by resignation"]

1. d4 d5 2. Nc3 Nf6 3. Bf4 Bf5 4.
e3 a6 5. Nf3 e6 6. Ne5 c5 7. g4 Bg6 8. h4 h5 9. Nxg6 fxg6 10.
Bd3 Nxg4 11. Bxg6+ Kd7 12. dxc5 Bxc5 13. Nxd5 exd5 14.
Qxd5+ 1-0

[Event "Early-Titled-Tuesday-Blitz-April-23-2024"]
[Site "Chess.com"]
[Date "2024.04.23"]
[Round "3"]
[White "DanielNaroditsky"]
[Black "isaks"]
[Result "1-0"]
[WhiteElo "3024"]
[BlackElo "2554"]
[TimeControl "180+1"]
[EndTime "8:24:13 PDT"]
[Termination "DanielNaroditsky won by resignation"]

1. e4 c5 2. c3 Nf6 3. e5 Nd5 4.
Nf3 d6 5. Bb5+ Nc6 6. O-O e6 7. d4 a6 8. Bxc6+ bxc6 9. dxc5 dxe5 10. c4 Nf6 11. Qxd8+ Kxd8 12. Nxe5 Ke8 13. Be3 Bd7 14. Rd1 Rb8 15. Nc3 Be7 16. Na4 Bd8 17. Nb6 Rb7 18.
Nbxd7 Nxd7 19. Nxc6 Rxb2 20. Nxd8 1-0

[Event "Early-Titled-Tuesday-Blitz-April-23-2024"]
[Site "Chess.com"]
[Date "2024.04.23"]
[Round "3"]
[White "ScofieldMichael01"]
[Black "HanSchut"]
[Result "1-0"]
[WhiteElo "2604"]
[BlackElo "2330"]
[TimeControl "180+1"]
[EndTime "8:24:27 PDT"]
[Termination "ScofieldMichael01 won by resignation"]

1. g3 Nf6 2. Bg2 c5 3. b3 Nc6 4.
Bb2 d5 5. Nf3 g6 6. O-O Bg7 7.
d4 cxd4 8. Nxd4 O-O 9. Nxc6 bxc6 10. c4 Be6 11. Nd2 Qd7 12. Rc1 Rac8 13. cxd5 cxd5 14.
Nf3 Rxc1 15. Qxc1 Rc8 16. Qa1 Rc2 17. Nd4 Rc8 18. Rd1 Bh3 19. Nf3 Bxg2 20. Kxg2 e6 21. Bxf6 1-0

[Event "Early-Titled-Tuesday-Blitz-April-23-2024"]
[Site "Chess.com"]
[Date "2024.04.23"]
[Round "3"]
[White "ReadySkate"]
[Black "Juicy_Fork"]
[Result "1-0"]
[WhiteElo "2651"]
[BlackElo "2471"]
[TimeControl "180+1"]
[EndTime "8:24:32 PDT"]
[Termination "ReadySkate won by resignation"]

1. d4 Nf6 2. c4 e6 3. Nc3 Bb4 4. f3 O-O 5. a3 Bxc3+ 6. bxc3 c5 7. e4 d6 8. Bd3 e5 9. Ne2 Nc6 10. O-O b6 11. Bg5 h6 12. Bh4 Ba6 13. f4 exf4 14. Nxf4 g5 15. Bg3 gxf4 16. Bh4 cxd4 17. Rxf4 Ne5 18. Bxf6 Qd7 19. Qh5 1-0

[Event "Early-Titled-Tuesday-Blitz-April-23-2024"]
[Site "Chess.com"]
[Date "2024.04.23"]
[Round "3"]
[White "Iball95"]
[Black "EddieMarsalla"]
[Result "1/2-1/2"]
[WhiteElo "2866"]
[BlackElo "2631"]
[TimeControl "180+1"]
[EndTime "8:24:49 PDT"]
[Termination "Game drawn by agreement"]

1. e4 c6 2. d4 d5 3. exd5 cxd5 4. c4 Nf6 5. Nc3 Nc6 6. Nf3 Bg4 7. cxd5 Nxd5 8. h3 Bxf3 9. Qxf3 e6 10. Bb5 Rc8 11. O-O Bb4 12. Nxd5 Qxd5 13. Qxd5 exd5 14. Be3 a6 15. Be2 O-O 16. Rfd1 Rfe8 17. Kf1 g6 18. Rac1 Bf8 19. a3 Bg7 20. Bf3 Ne7 21. Ke2 Rxc1 22. Rxc1 Nf5 23. Kd3 Nxe3 24. fxe3 Rxe3+ 25. Kxe3 Bh6+ 26. Kd3 Bxc1 27. Bxd5 Bxb2 28. Bxb7 Bxa3 29.
Bxa6 Kf8 30. Bc4 Ke7 1/2-1/2

[Event "Early-Titled-Tuesday-Blitz-April-23-2024"]
[Site "Chess.com"]
[Date "2024.04.23"]
[Round "3"]
[White "CMButgood"]
[Black "jaskol95"]
[Result "0-1"]
[WhiteElo "2167"]
[BlackElo "2564"]
[TimeControl "180+1"]
[EndTime "8:24:53 PDT"]
[Termination "jaskol95 won by resignation"]

1. e4 e6 2. d4 d5 3. Nc3 Bb4 4. e5 Ne7 5. a3 Bxc3+ 6. bxc3 c5 7. Qg4 Qc7 8. Qxg7 Rg8 9. Qxh7 cxd4 10. Ne2 Nbc6 11.
f4 dxc3 12. Qd3 d4 13. Nxd4 Nxd4 14. Qxd4 Bd7 15. Rg1 Nf5 16. Qf2 Qc6 17. g4 Qe4+ 18. Qe2 Qd5 19. Bg2 Qc5 20. Qf2 Nd4 21. Be3 Nxc2+ 22.
Qxc2 Qxe3+ 23. Qe2 Qxg1+ 24. Qf1 Qxf1+ 25. Kxf1 Rxg4 0-1

[Event "Early-Titled-Tuesday-Blitz-April-23-2024"]
[Site "Chess.com"]
[Date "2024.04.23"]
[Round "3"]
[White "Eliwood44"]
[Black "ChristianArca"]
[Result "1-0"]
[WhiteElo "2483"]
[BlackElo "2629"]
[TimeControl "180+1"]
[EndTime "8:24:58 PDT"]
[Termination "Eliwood44 won by resignation"]

1. d4 Nf6 2. c4 c6 3. Nc3 d5 4. cxd5 cxd5 5. Bf4 Nc6 6. e3 a6 7. Nf3 Bf5 8. Qb3 Na5 9. Qa4+ b5 10. Qd1 Nc4 11.
Bxc4 dxc4 12. Ne5 e6 13. Qf3 Qb6 14. Qxa8+ 1-0

[Event "Early-Titled-Tuesday-Blitz-April-23-2024"]
[Site "Chess.com"]
[Date "2024.04.23"]
[Round "3"]
[White "BallottiLuca"]
[Black "aljado"]
[Result "0-1"]
[WhiteElo "2381"]
[BlackElo "2156"]
[TimeControl "180+1"]
[EndTime "8:25:04 PDT"]
[Termination "aljado won by checkmate"]

1. d4 Nf6 2. c4 c5 3. d5 b5 4. Nf3 d6 5. Qc2 g6 6. e4 bxc4 7. Bxc4 Bg7 8. O-O Ba6 9. Bxa6 Nxa6 10. Qa4+ Nd7 11. Qxa6 O-O 12. Nc3 Rb8 13. Qd3 Qa5 14. Qc2 Qb4 15. Nd2 a5 16. a4 Ne5 17. Ra3 Ng4 18.
Rb3 Qd4 19. Nb5 Qe5 20. Nc4 Qxh2# 0-1

[Event "Early-Titled-Tuesday-Blitz-April-23-2024"]
[Site "Chess.com"]
[Date "2024.04.23"]
[Round "3"]
[White "alex1531"]
[Black "Lupul_Cenusiu"]
[Result "1-0"]
[WhiteElo "2516"]
[BlackElo "2677"]
[TimeControl "180+1"]
[EndTime "8:25:11 PDT"]
[Termination "alex1531 won by resignation"]

1. e4 c6 2. Nc3 d5 3. Nf3 dxe4 4. Nxe4 Nf6 5. Nxf6+ exf6 6. d4 Bd6 7. Be2 O-O 8.
Be3 Bg4 9. h3 Bh5 10. O-O Re8 11. Qd2 Nd7 12. c4 Nf8 13. Rfd1 Bc7 14. d5 cxd5 15. Qxd5 Qe7 16. Qxh5 g6 17. Qb5 f5 18. Bf1 f4 19. Bc5 Qe4 20. Bxf8 Rxf8 21. Re1 Qc2 22.
Qxb7 Bb6 23. Re2 Qxc4 24. Qxa8 1-0

[Event "Early-Titled-Tuesday-Blitz-April-23-2024"]
[Site "Chess.com"]
[Date "2024.04.23"]
[Round "3"]
[White "SlavenPastar"]
[Black "Fernando_Offermann"]
[Result "1-0"]
[WhiteElo "2627"]
[BlackElo "2446"]
[TimeControl "180+1"]
[EndTime "8:25:11 PDT"]
[Termination "SlavenPastar won by resignation"]

1. Nf3 g6 2. d4 Bg7 3. g3 Nf6 4. Bg2 O-O 5. b3 d6 6. Bb2 c5 7. c4 cxd4 8. Nxd4 Qc7 9. O-O Nc6 10. Nc3 Nxd4 11. Qxd4 Be6 12. Rac1 a6 13. Nd5 Bxd5 14.
cxd5 Qa5 15. a3 Qb5 16. Qc4 Qd7 17. e4 Rfc8 18. Qe2 Rxc1 19. Rxc1 Rc8 20. Rc4 b5 21. Rc6 e5 22. Qc2 Ra8 23. a4 bxa4 24. bxa4 Ne8 25. Bf1 a5 26. Bb5 Qa7 27. Rc8 Rxc8 28. Qxc8 1-0

[Event "Early-Titled-Tuesday-Blitz-April-23-2024"]
[Site "Chess.com"]
[Date "2024.04.23"]
[Round "3"]
[White "mokerslag"]
[Black "LawrenceTrent"]
[Result "0-1"]
[WhiteElo "2501"]
[BlackElo "2707"]
[TimeControl "180+1"]
[EndTime "8:25:21 PDT"]
[Termination "LawrenceTrent won by resignation"]

1. e4 c5 2. Nf3 Nc6 3. d4 cxd4 4.
Nxd4 Nf6 5. Nc3 d6 6. g3 g6 7. Nde2 Bg4 8. Bg2 Ne5 9. O-O Nf3+ 10. Kh1 h5 11. Qd3 Ne5 12. Qb5+ Bd7 13. Qxb7 h4 14. Kg1 Rb8 15. Qxa7 Bg7 16. Nf4 hxg3 17. hxg3 Nc6 18. Qe3 Ng4 19. Qe2 Nd4 20. Qd1 Nh2 21.
Re1 Bg4 22. f3 Nhxf3+ 23. Kf2 Nxe1 24. Qxe1 Nxc2 25. Qd1 Bxd1 0-1

[Event "Early-Titled-Tuesday-Blitz-April-23-2024"]
[Site "Chess.com"]
[Date "2024.04.23"]
[Round "3"]
[White "LikeWater"]
[Black "King_Deded4d5"]
[Result "1-0"]
[WhiteElo "2662"]
[BlackElo "2480"]
[TimeControl "180+1"]
[EndTime "8:25:24 PDT"]
[Termination "LikeWater won by resignation"]

1. e4 e6 2. d3 d5 3. Qe2 Be7 4. g3 Nf6 5. Bg2 O-O 6. f4 dxe4 7. dxe4 e5 8. Nf3 Nc6 9. O-O Nd4 10. Nxd4 Qxd4+ 11. Kh1 Bg4 12. Qe1 Rad8 13. Nc3 Bb4 14.
f5 Bxc3 15. bxc3 Qc4 16. Bg5 Be2 17. Bxf6 Bxf1 18. Bxf1 1-0

[Event "Early-Titled-Tuesday-Blitz-April-23-2024"]
[Site "Chess.com"]
[Date "2024.04.23"]
[Round "3"]
[White "soloderisas"]
[Black "Tejas_Rama"]
[Result "1-0"]
[WhiteElo "2765"]
[BlackElo "2521"]
[TimeControl "180+1"]
[EndTime "8:25:33 PDT"]
[Termination "soloderisas won by resignation"]

1. d4 Nf6 2. Nf3 d5 3. Bf4 c5 4. e3 Nc6 5. c3 Qb6 6. Na3 Nh5 7. dxc5 Qd8 8. Bg5 h6 9. Bh4 g5 10. Nd4 Ne5 11. Qxh5 Bg4 12. Bb5+ Qd7 13. Bxd7+ Kxd7 14. Qxg4+ Nxg4 15. Bg3 e5 16. Nb3 f5 17. h3 f4 18.
Bxf4 exf4 19. hxg4 Re8 20. Nc2 1-0

[Event "Early-Titled-Tuesday-Blitz-April-23-2024"]
[Site "Chess.com"]
[Date "2024.04.23"]
[Round "3"]
[White "jup1978"]
[Black "Zurability"]
[Result "0-1"]
[WhiteElo "2514"]
[BlackElo "2734"]
[TimeControl "180+1"]
[EndTime "8:25:35 PDT"]
[Termination "Zurability won by resignation"]

1. d4 Nf6 2. Nf3 e6 3. g3 b6 4. Bg2 Bb7 5. O-O Be7 6. Nbd2 O-O 7. Re1 d5 8. Ne5 c5 9. dxc5 Bxc5 10. c4 Nbd7 11. Nd3 Be7 12. cxd5 Bxd5 13. e4 Bb7 14. Nb1 Nc5 15. Nxc5 Bxc5 16. Nc3 Qxd1 17. Rxd1 Ng4 18. Rf1 Ba6 19. h3 Bxf1 20. hxg4 Bxg2 21. Kxg2 Rac8 22. Bf4 Rfd8 23. a4 Bd4 24. Nb5 a6 25. Nxd4 Rxd4 26. e5 Rb4 27. Rb1 h6 28. a5 bxa5 29. Bd2 Rb5 30. Bf4 Rc2 0-1

[Event "Early-Titled-Tuesday-Blitz-April-23-2024"]
[Site "Chess.com"]
[Date "2024.04.23"]
[Round "3"]
[White "Rud_Makarian"]
[Black "The_Machine04"]
[Result "1-0"]
[WhiteElo "3013"]
[BlackElo "2750"]
[TimeControl "180+1"]
[EndTime "8:25:41 PDT"]
[Termination "Rud_Makarian won by checkmate"]

1. Nf3 d6 2. e4 Nf6 3. Nc3 e5 4.
Bc4 Be7 5. d3 c6 6. a4 O-O 7. h3 d5 8. Bb3 d4 9. Ne2 Nbd7 10. O-O Bd6 11. c3 c5 12. Ng3 Bc7 13.
Nf5 Re8 14. Bxf7+ Kxf7 15. Qb3+ Kf8 16. Ng5 Re7 17. Nxe7 Kxe7 18. Qf7+ Kd6 19. Qe6# 1-0

[Event "Early-Titled-Tuesday-Blitz-April-23-2024"]
[Site "Chess.com"]
[Date "2024.04.23"]
[Round "3"]
[White "ravengelic"]
[Black "emeli_chess"]
[Result "1-0"]
[WhiteElo "2644"]
[BlackElo "2463"]
[TimeControl "180+1"]
[EndTime "8:25:44 PDT"]
[Termination "ravengelic won by resignation"]

1. d4 Nf6 2. Bf4 d5 3. e3 e6 4. Nd2 Bd6 5. Bg3 O-O 6. Ngf3 c5 7. c3 Qc7 8. Bd3 Nbd7 9. O-O Re8 10. c4 Bxg3 11. hxg3 e5 12. dxe5 Nxe5 13. Be2 dxc4 14. Nxc4 Nxc4 15. Bxc4 Be6 16. Qb3 Bxc4 17. Qxc4 Re4 18. Qc2 h6 19. Rfd1 b6 20. Rd2 Rd8 21.
Rad1 Rxd2 22. Qxd2 Re7 23. Qc2 Rd7 24. Rc1 Qd6 25.
a3 Qd3 26. Qa4 Ng4 27. Qxg4 1-0

[Event "Early-Titled-Tuesday-Blitz-April-23-2024"]
[Site "Chess.com"]
[Date "2024.04.23"]
[Round "3"]
[White "frederiksvane"]
[Black "aa175"]
[Result "1-0"]
[WhiteElo "3039"]
[BlackElo "2758"]
[TimeControl "180+1"]
[EndTime "8:25:46 PDT"]
[Termination "frederiksvane won by resignation"]

1. c4 e5 2. b3 Nc6 3. Bb2 Nf6 4. e3 a6 5. Nf3 e4 6. Nd4 Nxd4 7. Bxd4 d6 8. d3 Bf5 9. dxe4 Nxe4 10. Bd3 Qg5 11.
Qf3 Qg6 12. g4 Qxg4 13. Qxg4 Nc5 14. Bxf5 1-0

[Event "Early-Titled-Tuesday-Blitz-April-23-2024"]
[Site "Chess.com"]
[Date "2024.04.23"]
[Round "3"]
[White "MikhailBLR"]
[Black "2Coaches1Profile"]
[Result "0-1"]
[WhiteElo "2314"]
[BlackElo "2555"]
[TimeControl "180+1"]
[EndTime "8:25:53 PDT"]
[Termination "2Coaches1Profile won by resignation"]

1. d4 Nf6 2. Nc3 c5 3. d5 d6 4.
e4 g6 5. f3 Bg7 6. Be3 O-O 7.
Qd2 a6 8. a4 Re8 9. Bh6 Bh8 10.
h4 e6 11. Nge2 exd5 12. exd5 Nbd7 13. O-O-O b5 14. Ng3 c4 15. Nce4 Qc7 16. h5 Nxe4 17. Nxe4 c3 18. Nxc3 Nc5 19. hxg6 fxg6 20. Be3 b4 21.
Ne4 Nb3+ 22. Kb1 Nxd2+ 0-1

[Event "Early-Titled-Tuesday-Blitz-April-23-2024"]
[Site "Chess.com"]
[Date "2024.04.23"]
[Round "3"]
[White "Lily_Schirmbeck"]
[Black "MVM2008"]
[Result "0-1"]
[WhiteElo "1560"]
[BlackElo "2492"]
[TimeControl "180+1"]
[EndTime "8:26:02 PDT"]
[Termination "MVM2008 won by checkmate"]

1. e4 e5 2. Nf3 Nf6 3. Nxe5 Nc6 4. Nxc6 dxc6 5. d3 Bc5 6. Be2 h5 7. h3 Qd4 8. Rf1 Be6 9. c3 Qd7 10. d4 Bb6 11. e5 Nd5 12. Be3 O-O-O 13. Qc2 c5 14.
Nd2 cxd4 15. cxd4 Nb4 16. Qc3 Nd5 17. Qc2 Ba5 18. O-O-O Nb4 19. Qe4 Nxa2+ 20. Kb1 Qa4 21. Rc1 Nb4 22. d5 Qa2# 0-1

[Event "Early-Titled-Tuesday-Blitz-April-23-2024"]
[Site "Chess.com"]
[Date "2024.04.23"]
[Round "3"]
[White "Msb2"]
[Black "TanitoluwaAps116"]
[Result "1-0"]
[WhiteElo "3080"]
[BlackElo "2781"]
[TimeControl "180+1"]
[EndTime "8:26:04 PDT"]
[Termination "Msb2 won by resignation"]

1. d4 Nf6 2. c4 e6 3. Nc3 Bb4 4.
e3 O-O 5. Bd2 b6 6. Nf3 Bb7 7.
Bd3 d5 8. cxd5 exd5 9. Rc1 Nbd7 10. O-O a6 11. Ne5 Bd6 12. f4 c5 13. Qf3 Rb8 14.
Qh3 g6 15. Be1 b5 16. Bh4 Be7 17. f5 Bc8 18. Nc6 Qe8 19. Nxb8 Nxb8 20. Bxf6 Bxf6 21. Nxd5 Bg7 22. Rxc5 Nd7 23. Rxc8 1-0

[Event "Early-Titled-Tuesday-Blitz-April-23-2024"]
[Site "Chess.com"]
[Date "2024.04.23"]
[Round "3"]
[White "Tagir45"]
[Black "SilverSwords13"]
[Result "1-0"]
[WhiteElo "2647"]
[BlackElo "2468"]
[TimeControl "180+1"]
[EndTime "8:26:04 PDT"]
[Termination "Tagir45 won by resignation"]

1. d4 d5 2. Nf3 Nf6 3. c4 dxc4 4.
e3 e6 5. Bxc4 c5 6. O-O a6 7. b3 Nbd7 8. Bb2 Be7 9. Nbd2 O-O 10. a4 b6 11. Qe2 Bb7 12. Rfd1 cxd4 13. Nxd4 Nd5 14. N2f3 Qb8 15. g3 Bf6 16. e4 Ne7 17.
Nxe6 Bxb2 18. Nxf8 Bxa1 19. Nxd7 Qc7 20. Nxb6 Qxb6 21. Rxa1 Bxe4 22. Qxe4 1-0